 Dungeon Crawl Stone Soup version 0.29-a0-284-gf9362112df (webtiles) character file.

Game seed: 17619075824522042278

562 spaghetti the Skirmisher (level 7, 55/55 HPs)
             Began as a Djinni Berserker on Mar 28, 2022.
             Was a Priest of Trog.
             Quit the game on level 4 of the Dungeon.
             The game lasted 00:12:35 (3713 turns).

spaghetti the Skirmisher (Djinni Berserker)         Turns: 3713, Time: 00:12:35

Health: 55/55      AC: 13    Str: 24    XL:     7   Next: 57%
Gold:   231        EV:  7    Int:  3    God:    Trog [***...] SH:  0 Dex: 13

rFire   + + .      SeeInvis .   a - +3 long sword of Absolution {holy, Will+ Str+6 Int-5 Stlth+, long}
rCold   x . .      Faith    .   (no shield)
rNeg    . . .      Spirit   .   m - +0 plate armour
rPois   ∞          Reflect  .   (helmet restricted)
rElec   .          Harm     .   (no cloak)
rCorr   .          Rampage  .   (no gloves)
Will    +....                   (boots unavailable)
Stlth   ..........              (no amulet)
HPRegen 0.18/turn               (no ring)
MPRegen 0.00/turn               (no ring)

@: flying
A: sickness immunity, fire resistance 2, cold vulnerability 1, float, innate
caster, HP casting, extra vitality 1, horns 1, iridescent scales 1
a: Renounce Religion, Berserk, Trog's Hand


You were on level 4 of the Dungeon.
You worshipped Trog.
Trog was most pleased with you.
You visited 1 branch of the dungeon, and saw 4 of its levels.
You also visited: Sewer.

You collected 231 gold pieces.


Innate Abilities, Weirdness & Mutations

You are immune to sickness and miasma.
You are immune to poison.
Your flesh is very heat resistant. (rF++)
You are vulnerable to cold. (rC-)
You float through the air rather than walking.
You learn spells naturally, not from books.
Your magical power is your life essence.
You have superior vitality. (+4 MHP)
You have a pair of small horns on your head.
You are partially covered in iridescent scales. (AC +2)


   Skills:
 + Level 5.9 Fighting
 + Level 0.9 Throwing
 + Level 3.8 Armour
 - Level 2.1 Dodging
 - Level 5.1 Unarmed Combat


You couldn't memorise any spells.
You knew the following spells:

 Your Spells              Type           Power      Damage    Failure   Level
a - Pain                  Necr           0%         1d4       100%        1
b - Wereblood             Tmut           0%         N/A       100%        2
c - Frozen Ramparts       Ice            0%         1d2       100%        3
Your spell library was empty.

Inventory:

Hand Weapons
 a - the +3 long sword of Absolution (weapon) {holy, Will+ Str+6 Int-5 Stlth+, long}
   (You found it in a sewer)

   It has been blessed by the Shining One to cause great damage to the undead
   and demons.
   Str:       It affects your strength (+6).
   Int:       It affects your intelligence (-5).
   Will:      It increases your willpower.
   Stlth:     It makes you more stealthy.
Missiles
 g - 62 stones (quivered) {throwing}
 h - 4 poisoned darts {throwing}
Armour
 m - a +0 plate armour (worn)
   (You found it on level 3 of the Dungeon)
 q - a +0 helmet
   (You found it on level 3 of the Dungeon)
Magical Staves
 f - a staff of death {forbidden!astaff}
   (You found it on level 1 of the Dungeon)
Scrolls
 c - a scroll of vulnerability {unknown}
 d - a scroll of teleportation {unknown}
 e - 9 scrolls of identify {unknown}
 i - a scroll of brand weapon {unknown}
 j - 2 scrolls of magic mapping {unknown}
 k - a scroll of torment {unknown}
 l - 2 scrolls of enchant weapon {unknown}
 n - a scroll of holy word {unknown}
 p - a scroll of noise {unknown}
Potions
 b - 2 potions of brilliance
 o - a potion of resistance {unknown}

Dungeon Overview and Level Annotations

Branches:
Dungeon (4/15)             Temple (0/1) D:4           Sewer (visited)

Altars:
Kikubaaqudgha
Vehumet
Zin

####.........# ##...#
##............######.#
##..#..........#.. ..
.................# #
...##..........###
...##..........#
##...#........##
###..........#####
##...........@.#
#...................
#..........♣♣♣.....♣
#..........♣ ≈≈≈≈≈≈
#.......<..♣ ....♣
#...........≈. .....
#.#.........≈. ....
#..#######...≈.. >...
..... ...≈..


There were no monsters in sight!


Message History

An endoplasm comes into view.
An endoplasm is nearby!
An endoplasm is nearby!
An endoplasm is nearby!
You throw a stone {throwing}.
The stone {throwing} hits the endoplasm.
You throw a stone {throwing}.
The stone {throwing} barely misses the endoplasm.
You throw a stone {throwing}.
The stone {throwing} barely misses the endoplasm.
You throw a stone {throwing}.
The stone {throwing} barely misses the endoplasm.
You hit the endoplasm.
You kill the endoplasm!
Trog accepts your kill.
An adder comes into view.
The adder hisses angrily.
An adder is nearby!
An adder is nearby!
An adder is nearby!
You throw a stone {throwing}.
The stone {throwing} closely misses the adder.
You throw a stone {throwing}.
The stone {throwing} barely misses the adder.
You throw a stone {throwing}.
The stone {throwing} hits the adder but does no damage.
You throw a stone {throwing}.
The stone {throwing} closely misses the adder.
The adder bites you but does no damage.
You closely miss the adder. You headbutt the adder.
The adder closely misses you.
You closely miss the adder. Your headbutt misses the adder.
The adder barely misses you. The adder bites you but does no damage.
You closely miss the adder. The adder bites you.
The adder bites you but does no damage. 😕 HP[-1]
You take 1 damage, and now have 54/55 hp.
You closely miss the adder. The adder completely misses you.
The adder barely misses you. 😎 HP[+1]
Your hp is fully restored (55).
You slash the adder!
You kill the adder!
Trog accepts your kill.
No target in view!
No target in view!
An endoplasm comes into view.
The endoplasm quivers.
An endoplasm is nearby!
An endoplasm is nearby!
An endoplasm is nearby!
An endoplasm is nearby!
You throw a stone {throwing}.
The stone {throwing} hits the endoplasm.
You throw a stone {throwing}.
The stone {throwing} hits the endoplasm but does no damage.
You throw a stone {throwing}.
The stone {throwing} hits the endoplasm but does no damage.
You throw a stone {throwing}.
The stone {throwing} hits the endoplasm.
You slash the endoplasm!
You kill the endoplasm!
Trog accepts your kill.
No target in view!
No target in view!
o - a fizzy white potion
Found a stone staircase leading up.
g - 43 stones {throwing} (gained 1)
g - 44 stones {throwing} (gained 1)
g - 45 stones {throwing} (gained 1)
An adder comes into view.
The adder hisses angrily.
You see here a stone {throwing}.
You throw a stone {throwing}. The stone {throwing} hits the adder.
You throw a stone {throwing}.
The stone {throwing} barely misses the adder.
You throw a stone {throwing}.
The stone {throwing} barely misses the adder.
You throw a stone {throwing}. The stone {throwing} hits the adder.
The adder bites you but does no damage.
You slash the adder!
You kill the adder!
Trog accepts your kill.
No target in view!
No target in view!
g - 42 stones {throwing} (gained 1)
g - 43 stones {throwing} (gained 1)
g - 44 stones {throwing} (gained 1)
You now have 231 gold pieces (gained 9).
g - 45 stones {throwing} (gained 1)
g - 46 stones {throwing} (gained 1)
g - 47 stones {throwing} (gained 1)
g - 48 stones {throwing} (gained 1)
g - 49 stones {throwing} (gained 1)
g - 51 stones {throwing} (gained 2)
Found a staircase to the Ecumenical Temple.
g - 62 stones {throwing} (gained 11) No target in view!
Unknown command.
Are you sure you want to abandon this character and quit the game? (Confirm with "yes".)

Skill      XL: |  1  2  3  4  5  6  7 |
---------------+----------------------+-----
Fighting       | 4 5 |  5.9
Unarmed Combat | 4 5 |  5.1
Armour         | 3 |  3.8
Throwing       | |  0.9
Dodging        | |  2.1

Action                   |  1- 3 |  4- 6 |  7- 9 || total
-------------------------+-------+-------+-------++-------
Melee: Unarmed           |   123 |   208 |   108 ||   439
       Punch             |     2 |     6 |     2 ||    10
       Long sword        |       |       |     8 ||     8
       Headbutt          |       |       |     1 ||     1
Throw: Stone             |       |     7 |    16 ||    23
Invok: Berserk           |     3 |     3 |     2 ||     8
       Trog's Hand       |       |       |     1 ||     1
  Use: Potion            |       |       |     5 ||     5
Armor: Animal skin       |    20 |       |       ||    20
       Ring mail         |    14 |    32 |       ||    46
       Plate armour      |       |    96 |   137 ||   233
Dodge: Dodged            |    91 |    76 |    49 ||   216

Levels and vault maps discovered:
D:1:      minmay_arrival_checkered_box, layout_basic
D:2:      layout_loops_ring, basic_altar, serial_bayou_lagoon_a
D:3:      layout_rooms, lemuel_crystal_altar, zin_statuary
D:4:      layout_rooms, minmay_temple_entry_water_ring, portal_sewer_entry_e,
          corexii_shack, uniq_sigmund

Notes
Turn   | Place    | Note
-------+----------+-------------------------------------------
     0 | D:1      | spaghetti the Djinni Berserker began the quest for the Orb.
     0 | D:1      | Reached XP level 1. HP: 20/20 MP: 0/0
     0 | D:1      | magus.rc [v1.9.6]
   477 | D:1      | Reached XP level 2. HP: 24/25 MP: 0/0
   789 | D:1      | Reached XP level 3. HP: 13/30 MP: 0/0
   789 | D:1      | Learned a level 1 spell: Pain
  1326 | D:1      | Reached ** piety under Trog
  1470 | D:2      | Noticed an ogre
  1477 | D:2      | Killed an ogre
  1478 | D:2      | Reached skill level 4 in Fighting
  1478 | D:2      | Reached skill level 4 in Unarmed Combat
  1478 | D:2      | Reached XP level 4. HP: 37/37 MP: 0/0
  1478 | D:2      | Reached XP level 5. HP: 41/41 MP: 0/0
  1478 | D:2      | Learned a level 2 spell: Wereblood
  1600 | D:2      | Reached skill level 3 in Armour
  2260 | D:3      | Reached XP level 6. HP: 48/48 MP: 0/0
  2637 | D:3      | Found a glowing silver altar of Zin.
  3080 | D:4      | Found a glowing drain.
  3088 | Sewer    | Entered a sewer
  3196 | Sewer    | Reached skill level 5 in Fighting
  3196 | Sewer    | Reached XP level 7. HP: 53/54 MP: 0/0
  3196 | Sewer    | Learned a level 3 spell: Frozen Ramparts
  3206 | Sewer    | Reached skill level 5 in Unarmed Combat
  3257 | Sewer    | Reached *** piety under Trog
  3494 | Sewer    | HP: 13/55 [constriction (1)]
  3495 | Sewer    | Gained mutation: You have a pair of small horns on your
                  | head. [potion of mutation]
  3495 | Sewer    | Gained mutation: You are partially covered in iridescent
                  | scales. (AC +2) [potion of mutation]
  3502 | Sewer    | Identified the +3 long sword of Absolution {holy, Will+
                  | Str+6 Int-5 Stlth+}
  3711 | D:4      | Found a staircase to the Ecumenical Temple.
  3713 | D:4      | Quit the game

Vanquished Creatures
  An ogre (D:2)
  2 bullfrogs (Sewer)
  A scorpion (D:4)
  A jelly (D:4)
  An iguana (D:3)
  An orc wizard (D:3)
  8 adders
  2 worms (D:2)
  3 dart slugs
  5 orcs
  15 ball pythons
  6 bats
  14 endoplasms
  12 giant cockroaches
  7 goblins
  5 hobgoblins
  8 jackals (D:1)
  4 kobolds
  12 quokkas
  6 frilled lizards
  8 rats
122 creatures vanquished.

Table legend:
 A = Non-vault XP
 B = Vault XP
 C = Vault XP percentage of total XP
 D = Non-vault monster count
 E = Vault monster count
 F = Vault count percentage of total count
                 A         B        C        D         E       F
            +---------+---------+-------+---------+---------+-------
      Total |     506 |     297 |  37.0 |      76 |      46 |  37.7
            +---------+---------+-------+---------+---------+-------
        D:1 |      50 |       0 |   0.0 |      27 |       0 |   0.0
        D:2 |     185 |       0 |   0.0 |      23 |       0 |   0.0
        D:3 |     118 |       0 |   0.0 |      18 |       0 |   0.0
        D:4 |     153 |      10 |   6.1 |       8 |       8 |  50.0
      Sewer |       0 |     287 | 100.0 |       0 |      38 | 100.0
            +---------+---------+-------+---------+---------+-------

Illustrated notes

Table legend:
 A = Kills in this place as a percentage of kills in entire the game.
 B = Kills by you in this place as a percentage of kills by you in the entire game.
 C = Kills by friends in this place as a percentage of kills by friends in the entire game.
 D = Other kills in this place as a percentage of other kills in the entire game.
 E = Experience gained in this place as a percentage of experience gained in the entire game.
 F = Experience gained in this place divided by the number of levels of this place that you have seen.
                   A       B       C       D       E      F
               +-------+-------+-------+-------+-------+----------------------
         Total | 100.0 | 100.0 |   N/A |   N/A | 100.0 | 160.6
       Dungeon |  68.9 |  68.9 |   N/A |   N/A |  64.3 | 129.0
         Sewer |  31.1 |  31.1 |   N/A |   N/A |  35.7 | 287.0
               +-------+-------+-------+-------+-------+----------------------

Table legend: (Time is in decaauts)
 A = Elapsed time spent in this place.
 B = Non-inter-level travel time spent in this place.
 C = Inter-level travel time spent in this place.
 D = Time resting spent in this place.
 E = Time spent auto-exploring this place.
 F = Levels seen in this place.
 G = Mean time per level.
                   A        B        C        D        E       F      G
               +--------+--------+--------+--------+--------+-----+--------+
         Total |   3747 |   3660 |     87 |    470 |   2319 |   5 |  749.4 |
       Dungeon |   3244 |   3157 |     87 |    460 |   2059 |   4 |  811.0 |
         Sewer |    502 |    502 |      0 |      9 |    259 |   1 |  502.0 |
               +--------+--------+--------+--------+--------+-----+--------+

Top non-repeatable levels by time:
     D:1: 1388 daAuts
     D:2: 811 daAuts
     D:3: 643 daAuts
   Sewer: 502 daAuts
     D:4: 401 daAuts
